Map: Miner Evacuation

Players

Winthrowe

  • Race: Terran Terran
  • League: Silver
  • Spawn Location: 7:00

Nikitta

  • Race: Protoss Protoss
  • Spawn Location: 7:00

VOD

Have the link to the VOD?

Description

Time

  • Played on: Aug. 19, 2017, 4:50 p.m.
  • Length: 23:04
Show
View Real Time Build Order
Export as new Build Order

Winthrowe Terran 

Build Orders:  

Get SALT Encoding   

  12  0:03  SCV  
  13  0:20  SCV  
  13  0:26  Supply Depot  
  14  0:42  SCV  
  15  0:59  SCV  
  16  1:06  Refinery  
  16  1:16  SCV, Barracks  
  17  1:33  SCV  
  18  1:51  Orbital Command  
  18  2:13  Refinery  
  18  2:22  Barracks Tech Lab  
  18  2:31  SCV  
  19  2:40  Barracks  
  19  2:48  SCV  
  20  3:05  SCV  
  21  3:16  Factory  
  21  3:22  SCV  
  21  3:24  Barracks Reactor  
  22  3:39  SCV  
  23  3:40  Supply Depot  
  23  3:44  Supply Depot  
  23  3:47  Supply Depot  
  23  4:10  Medic  
  23  4:11  SCV  
  23  4:16  Stabilizer Medpacks  
  26  4:27  Marine x2, SCV  
  30  4:35  Marauder  
  30  4:39  Marine  
  31  4:40  Marine  
  31  4:44  SCV  
  34  4:50  Medic  
  34  4:59  Marine  
  37  5:00  Marine  
  37  5:01  SCV  
  37  5:02  Medic  
  41  5:15  Marauder  
  41  5:18  SCV  
  44  5:35  SCV  
  45  5:48  Marauder  
  47  6:53  Marine  
  47  6:58  Combat Shields  
  47  7:35  Supply Depot  
  47  8:04  Marine x2  
  47  8:05  Marauder  
  47  8:06  Supply Depot  
  51  8:16  Marine x2  
  51  8:19  Marauder  
  55  8:30  Supply Depot  
  55  8:31  Supply Depot x2  
  55  8:33  Supply Depot  
  55  8:36  Marauder, Marine x2  
  55  8:38  Supply Depot  
  59  8:48  Marine, Concussive Shells  
  60  8:51  Marauder  
  62  9:03  Supply Depot  
  62  9:04  Supply Depot  
  62  9:05  Marine  
  62  9:06  Supply Depot x2  
  62  9:07  Marine  
  62  9:08  Marine  
  65  9:10  Supply Depot  
  65  9:18  Firebat  
  67  9:20  Marine, Factory Tech Lab  
  67  9:21  Marine  
  69  9:32  Marine  
  69  9:33  Marine, Firebat  
  73  9:43  Supply Depot  
  73  9:45  Marine x2  
  73  9:48  Incinerator Gauntlets, Firebat  
  77  9:57  Marine  
  77  9:58  Marine  
  79  10:03  Medic  
  81  10:10  Marine  
  81  10:15  Supply Depot, Medic  
  84  10:28  Medic  
  86  10:47  Firebat  
  86  10:48  Juggernaut Plating  
  88  11:02  Firebat  
  90  11:11  Command Center  
  90  11:17  Firebat  
  92  11:32  Firebat  
  94  11:47  Firebat  
  96  12:02  Medic  
  96  12:03  Marine  
  96  12:04  Marine  
  96  12:08  Siege Tank  
  103  12:14  Medic  
  103  12:16  Marine  
  103  12:17  Marine  
  107  12:23  Replenishable Magazine  
  107  12:26  Medic  
  107  12:28  Marine  
  107  12:29  Marine  
  110  12:31  Siege Tank  
  110  12:39  Marine  
  115  12:41  Marine x2  
  117  12:51  Marine  
  118  13:06  Marauder  
  118  13:07  Marine x2  
  122  13:17  Vulture  
  122  13:19  Marine  
  124  13:20  Marine  
  124  13:21  Marauder  
  124  13:29  Vulture  
  128  13:32  Marine x2  
  128  13:36  Marauder  
  134  13:44  Marine  
  135  13:52  Orbital Command  
  135  13:56  Marauder  
  137  14:11  Marauder  
  137  14:25  Marauder  
  139  14:33  SCV x2  
  141  14:45  Marauder  
  141  14:47  Marine  
  141  14:48  Marine  
  145  14:50  SCV x2  
  147  15:07  SCV x2  
  143  15:24  SCV x2  
  145  15:34  Marauder  
  145  15:37  Marine x2  
  147  15:40  Vulture  
  147  15:49  Marauder, Marine  
  148  15:50  Marine  
  148  15:52  Engineering Bay  
  148  16:02  Marine  
  148  16:04  Marauder  
  151  16:19  Marauder  
  145  17:39  Marauder  
  146  17:40  Marine  
  146  17:41  Marine  
  148  17:53  Marine x2, SCV  
  148  17:54  Marauder, SCV  
  148  17:59  Siege Tank  
  157  18:05  Marine  
  157  18:06  Marine  
  157  18:08  Engineering Bay  
  157  18:09  Marauder  
  161  18:10  SCV  
  161  18:11  SCV  
  161  18:18  Marine x2  
  165  18:21  Siege Tank  
  165  18:24  Marauder  
  165  18:27  SCV  
  165  18:28  SCV  
  172  18:30  Marine  
  172  18:31  Marine  
  174  18:46  Armory  
  174  19:56  Marauder  
  174  19:57  Starport  
  174  20:11  SCV  
  174  20:29  Supply Depot  
  174  20:33  Supply Depot  
  174  20:35  Supply Depot  
  174  20:38  Supply Depot  
  174  20:41  Supply Depot  
  174  20:48  Starport  
  174  20:53  Starport Tech Lab  
  174  20:59  Marauder, Marine x2, SCV x2  
  180  21:03  Supply Depot, Siege Tank  
  183  21:11  Marine x2  
  183  21:14  Marauder, Refinery  
  183  21:16  SCV  
  183  21:19  Refinery  
  188  21:23  Marine x2  
  188  21:25  Siege Tank  
  188  21:29  Marauder  
  195  21:44  Marauder, Marine  
  195  21:45  Marine  
  199  21:56  Marine  
  200  22:15  Marine x2  
Show
View Real Time Build Order
Export as new Build Order

Nikitta Protoss 

Build Orders:  

Get SALT Encoding   

  12  0:08  Probe (Chrono Boost)  
  13  0:26  Assimilator  
  13  0:31  Probe (Chrono Boost)  
  14  0:44  Probe (Chrono Boost)  
  15  0:55  Pylon  
  15  1:01  Pylon  
  15  1:17  Assimilator  
  15  1:19  Probe (Chrono Boost)  
  16  1:32  Pylon  
  16  1:43  Pylon  
  16  1:46  Probe (Chrono Boost)  
  17  2:00  Probe (Chrono Boost)  
  18  2:14  Probe (Chrono Boost)  
  19  2:28  Probe (Chrono Boost)  
  20  2:42  Probe (Chrono Boost)  
  21  2:56  Probe (Chrono Boost)  
  22  3:03  Gateway  
  22  3:09  Gateway  
  22  3:20  Gateway  
  22  3:34  Forge  
  22  3:47  Pylon  
  22  4:15  Cybernetics Core  
  22  4:22  Protoss Ground Weapons Level 1  
  22  4:38  Photon Cannon  
  22  4:44  Photon Cannon  
  22  4:54  Photon Cannon  
  22  5:24  Zealot  
  22  5:25  Zealot  
  26  5:43  Dragoon  
  26  5:47  Dragoon  
  30  6:00  Dragoon  
  32  6:22  Pylon  
  32  6:27  Dragoon  
  34  6:34  Dragoon  
  32  6:50  Zealot  
  32  6:55  Zealot  
  36  7:02  Protoss Ground Armor Level 1  
  36  7:04  Zealot  
  38  7:20  Probe (Chrono Boost)  
  38  7:28  Dragoon  
  41  7:33  Probe (Chrono Boost)  
  42  7:55  Dragoon  
  42  7:58  Dragoon  
  46  8:02  Dragoon  
  48  8:14  Dragoon  
  50  8:40  Stargate  
  50  9:37  Dragoon  
  50  9:39  Dragoon  
  54  9:42  Dragoon  
  54  9:44  Dragoon  
  54  9:47  Dragoon  
  60  9:50  Dragoon  
  62  10:18  Pylon  
  62  10:43  Phoenix  
  64  11:18  Phoenix  
  66  12:04  Phoenix  
  68  12:11  Protoss Air Weapons Level 1  
  68  12:39  Phoenix  
  70  12:57  Pylon  
  70  13:22  Phoenix  
  72  13:57  Phoenix  
  74  14:32  Phoenix  
  74  14:51  Protoss Air Armor Level 1  
  74  15:37  Fleet Beacon  
  74  16:46  Dragoon  
  74  16:48  Dragoon  
  78  17:00  Pylon  
  78  17:04  Pylon  
  78  17:43  Anion Pulse-Crystals  
  78  18:08  Dragoon  
  80  18:22  Dragoon  
  80  18:24  Dragoon  
  80  18:27  Dragoon  
  80  18:29  Dragoon  
  88  18:31  Dragoon  
  88  18:34  Dragoon  
  88  18:36  Dragoon  
  94  21:22  Phoenix  
  94  21:24  Pylon  
  94  21:25  Pylon  
  94  21:29  Pylon  
  94  21:57  Phoenix  
  98  22:48  Dragoon  
Tags
 
Add a new tag
Caveats
  • Supply blocks, unpowered buildings, or Contaminate may cause inaccurate times.
  • Supply counts are checked every 10 seconds.